 Dungeon Crawl Stone Soup version 0.19.0-20-gbc5f0c6 (webtiles) character file.

1340 dobroeutro the Basher (level 8, -2/49 HPs)
             Began as a Gargoyle Fighter on Nov 17, 2016.
             Was an Initiate of Okawaru.
             Slain by an orc warrior
             ... wielding a +0 long sword
              (18 damage)
             ... on level 5 of the Dungeon.
             The game lasted 00:05:31 (4642 turns).

dobroeutro the Basher (Gargoyle Fighter)            Turns: 4642, Time: 00:05:32

Health: -2/49      AC: 15    Str: 23    XL:     8   Next: 62%
Magic:  8/8        EV:  9    Int:  9    God:    Okawaru [......]
Gold:   181        SH:  9    Dex: 13    Spells: 0 memorised, 7 levels left

rFire  . . .     SeeInvis .     m - +2 whip (flame)
rCold  + . .     Gourm    .     b - +0 scale mail
rNeg   + + .     Faith    .     c - +0 shield
rPois  ∞         Spirit   .     (no helmet)
rElec  +         Reflect  .     i - +0 cloak
rCorr  .         Harm     .     (no gloves)
MR     .....     Rnd*Rage +     (no boots)
Stlth  ..........               (no amulet)
                                q - +3 ring of dexterity
                                r - ring of positive energy

@: flying
A: iridescent scales 1, berserk 1, cold resistance 1, negative energy resistance
1, electricity resistance, strong 1, unbreathing, petrification resistance, rot
immunity, subdued magic 1, AC +5
a: Renounce Religion


You were on level 5 of the Dungeon.
You worshipped Okawaru.
Okawaru was noncommittal.
You were not hungry.

You visited 2 branches of the dungeon, and saw 7 of its levels.

You collected 181 gold pieces.

Inventory:

Hand Weapons
 a - a +0 flail
 m - a +2 whip of flaming (weapon)
Armour
 b - a +0 scale mail (worn)
 c - a +0 shield (worn)
 i - a +0 cloak (worn)
Jewellery
 q - a +3 ring of dexterity (right hand)
 r - a ring of positive energy (left hand)
Scrolls
 e - 2 scrolls of teleportation
 j - 3 scrolls of recharging {unknown}
 l - a scroll of noise {unknown}
 n - 3 scrolls of amnesia {unknown}
 o - 7 scrolls of identify {unknown}
 p - a scroll of enchant armour {unknown}
 w - a scroll of fear {unknown}
Potions
 d - a potion of might
 h - a potion of berserk rage {unknown}
 t - a potion of brilliance {unknown}
 u - a potion of cure mutation {unknown}
 x - a potion of cancellation {unknown}
Comestibles
 f - 5 bread rations
 g - 4 meat rations


   Skills:
 + Level 5.1 Fighting
 + Level 8.2 Maces & Flails
 + Level 5.2 Armour
 + Level 2.8 Dodging
 - Level 3.2 Shields


You had 7 spell levels left.
You didn't know any spells.

Dungeon Overview and Level Annotations

Branches:
Dungeon (6/15)             Temple (1/1) D:5

Altars:
Ashenzari
Cheibriados
Dithmenos
Elyvilon
Fedhas
Hepliaklqana
Makhleb
Nemelex Xobeh
Okawaru
Qazlal
Ru
Sif Muna
Trog
Uskayaw


Innate Abilities, Weirdness & Mutations

You are resistant to torment.
Your stone body is resilient. (AC +5)
You are immune to poison.
You resist negative energy. (rN+)
You are resistant to electric shocks. (rElec)
You can survive without breathing.
You are immune to petrification.
You are immune to rotting.
You are partially covered in iridescent scales. (AC +2)
You tend to lose your temper in combat.
Your flesh is cold resistant. (rC+)
Your muscles are strong. (Str +2)
Your spells are a little easier to cast, but a little less powerful.


Message History

You are too injured to fight recklessly!
You are too injured to fight recklessly!
You are too injured to fight recklessly!
You are too injured to fight recklessly!
You are too injured to fight recklessly!
You are too injured to fight recklessly!
You are too injured to fight recklessly!
You are too injured to fight recklessly!
You are too injured to fight recklessly!
You are too injured to fight recklessly!
You are too injured to fight recklessly!
You are too injured to fight recklessly!
Wield which item (- for none, * to show all)? (? for menu, Esc to quit)
Okay, then.
It was a potion of curing.
You feel better. The orc warrior closely misses you.
It was a potion of flight.
You feel very buoyant.
You fly up into the air.
The orc warrior hits you with a long sword!!
You die...

#...# #.#.#
#.######.# #...#
#...# #.#....#.#
#...# ##..##
#......#.# #####
#...######.####.##
#.†<#............#
#..>#.####.#######
#.###.#....#.....#
#.# #.#..###.#.###
#.# #@#..#.>...#
#o# #o#....#.###
#.###.#......#
#.#<#........#
#.......####.#
#.#.....# #.#
######..# #.# #..#
#.# #.## #.#


You could see an orc warrior.

Vanquished Creatures
  Grinder (D:4)
  A sky beast (D:5)
  2 ogres
  A bullfrog (D:6)
  A scorpion (D:4)
  A crimson imp (D:6)
  4 howler monkeys
  A bullfrog skeleton (D:5)
  A centaur zombie (D:6)
  2 hounds
  A centaur skeleton (D:5)
  An orc priest (D:5)
  Jessica (D:3)
  Ijyb (D:3)
  An iguana (D:5)
  5 worker ants
  3 gnolls
  10 adders
  A shadow imp (D:5)
  An ooze (D:2)
  A worm (D:2)
  3 dart slugs (D:1)
  14 orcs
  2 giant cockroaches
  6 goblins
  6 hobgoblins
  6 jackals
  6 kobolds
  2 quokkas
  A ball python (D:1)
  6 bats
  9 frilled lizards
  A leopard gecko skeleton (D:5)
  6 rats
109 creatures vanquished.

Notes
Turn   | Place    | Note
-------+----------+-------------------------------------------
     0 | D:1      | dobroeutro the Gargoyle Fighter began the quest for the Orb.
     0 | D:1      | Reached XP level 1. HP: 14/14 MP: 1/1
   101 | D:1      | Reached XP level 2. HP: 19/19 MP: 2/2
   228 | D:1      | Reached skill level 3 in Maces & Flails
   262 | D:1      | Found a sparkling altar of Nemelex Xobeh.
   373 | D:1      | Reached XP level 3. HP: 23/23 MP: 3/3
  1114 | D:2      | Reached skill level 4 in Maces & Flails
  1291 | D:2      | Reached XP level 4. HP: 28/28 MP: 4/4
  1319 | D:2      | Found a deep blue altar of Sif Muna.
  1434 | D:3      | Found a faded altar of an unknown god.
  1465 | D:3      | Noticed Jessica
  1475 | D:3      | Killed Jessica
  1475 | D:3      | Reached skill level 5 in Maces & Flails
  1475 | D:3      | Reached XP level 5. HP: 32/32 MP: 5/5
  1555 | D:3      | Noticed Ijyb
  1563 | D:3      | Killed Ijyb
  2064 | D:4      | Reached skill level 6 in Maces & Flails
  2064 | D:4      | Reached XP level 6. HP: 37/37 MP: 6/6
  2250 | D:3      | Reached skill level 7 in Maces & Flails
  2250 | D:3      | Reached XP level 7. HP: 7/41 MP: 7/7
  2741 | D:4      | Reached skill level 1 in Dodging
  2783 | D:4      | Noticed Grinder
  2801 | D:4      | Killed Grinder
  2838 | D:4      | Found a white marble altar of Elyvilon.
  2987 | D:5      | Entered Level 5 of the Dungeon
  2988 | D:5      | Found a staircase to the Ecumenical Temple.
  3078 | Temple   | Entered the Ecumenical Temple
  3190 | Temple   | Became a worshipper of Warmaster Okawaru
  3277 | D:5      | Reached XP level 8. HP: 36/48 MP: 8/8
  3304 | D:5      | Gained mutation: Your spells are a little easier to cast, but a little less powerful. [mutagenic meat]
  3305 | D:5      | Gained mutation: Your flesh is cold resistant. (rC+) [mutagenic meat]
  3306 | D:5      | Gained mutation: You are partially covered in iridescent scales. (AC +2) [mutagenic meat]
  3307 | D:5      | Gained mutation: You tend to lose your temper in combat. [mutagenic meat]
  3309 | D:5      | Gained mutation: Your muscles are strong. (Str +2) [mutagenic meat]
  3438 | D:5      | Reached skill level 8 in Maces & Flails
  3529 | D:5      | Reached skill level 5 in Armour
  3792 | D:6      | Found a stormy altar of Qazlal.
  3792 | D:6      | Found a snail-covered altar of Cheibriados.
  3817 | D:6      | Found a hazy altar of Hepliaklqana.
  3943 | D:6      | HP: 2/48 [orc warrior/long sword (10)]
  4251 | D:6      | Reached skill level 5 in Fighting
  4642 | D:5      | Slain by an orc warrior

Skill      XL: |  1  2  3  4  5  6  7  8 |
---------------+-------------------------+-----
Maces & Flails | 3 4 5 6 7 8 |  8.2
Dodging        | 1 2 |  2.8
Fighting       | 4 5 |  5.1
Armour         | 4 5 |  5.2
Shields        | |  3.2

Action                   |  1- 3 |  4- 6 |  7- 9 || total
-------------------------+-------+-------+-------++-------
Melee: Flail             |    60 |       |       ||    60
       Whip              |    50 |   136 |   250 ||   436
  Use: Potion            |       |     1 |     2 ||     3
       Scroll            |       |       |     1 ||     1
  Eat: Chunk             |     1 |     3 |    14 ||    18
Armor: Scale mail        |    65 |    48 |    83 ||   196
Dodge: Dodged            |    52 |    25 |    47 ||   124
Block: Shield            |    73 |    42 |    87 ||   202
